 Dungeon Crawl Stone Soup version 0.26-a0-651-gb41185065b (webtiles) character file.

Game seed: 16076563831327142698

125888 Ozzies the Warrior (level 16, 0/150 HPs)
             Began as a Merfolk Gladiator on Oct 3, 2020.
             Was a High Priest of Okawaru.
             Hit by a silver javelin thrown by a merfolk javelineer (6 damage)
             ... on level 2 of the Shoals.
             The game lasted 01:37:47 (31346 turns).

Ozzies the Warrior (Merfolk Gladiator)             Turns: 31346, Time: 01:37:48

Health: 0/150      AC: 30    Str: 21    XL:     16   Next: 97%
Magic:  15/22      EV: 21    Int:  7    God:    Okawaru [*****.]
Gold:   500        SH:  0    Dex: 18    Spells: 15/15 levels left

rFire    + . .     SeeInvis +   D - +3 glaive (freeze)
rCold    + . .     Faith    .   (shield currently unavailable)
rNeg     . . .     Spirit   .   Q - +4 chain mail of the Endless Expanse {Regen+ SInv}
rPois    +         Reflect  .   E - +2 helmet {SInv}
rElec    .         Harm     .   T - +2 cloak {rPois}
rCorr    .         Rampage  .   y - +1 pair of gloves {archery}
MR       ++...                  g - +2 pair of boots
Stlth    ..........             P - amulet of regeneration
HPRegen  1.15/turn              Y - ring "Hatu" {rPois rF+ rC+ Dex+2 Slay-2}
MPRegen  0.18/turn              K - ring "Xootiyta" {MR+ Slay+5 SInv}

@: heroism, finesse
A: change form in water, swift swim, stealthy swim
a: Heroism, Finesse, Renounce Religion


You were on level 2 of the Shoals.
You worshipped Okawaru.
Okawaru was extremely pleased with you.
You visited 4 branches of the dungeon, and saw 25 of its levels.
You also visited: Trove and Ice Cave.

You collected 2383 gold pieces.
You spent 1883 gold pieces at shops.

Inventory:

Hand Weapons
 e - the +8 lajatang of the Exiled Teeth {flame, Int+4}
   (Okawaru gifted it to you on level 3 of the Lair of Beasts)

   It has been specially enchanted to burn those struck by it, causing extra
   injury to most foes and up to half again as much damage against particularly
   susceptible opponents.
   Big, fiery blades are also staple armaments of hydra-hunters.
   It affects your intelligence (+4).
 j - a +2 glaive of freezing
 m - a +1 spectral quarterstaff
 D - a +3 glaive of freezing (weapon)
 Z - a +3 demon trident of venom
Missiles
 d - 7 throwing nets (quivered)
 n - 8 atropa-tipped darts
Armour
 a - a +1 chain mail of cold resistance
 g - a +2 pair of boots (worn)
 t - a +0 chain mail of magic resistance
 y - a +1 pair of gloves of archery (worn)
 C - +0 acid dragon scales
 E - a +2 helmet of see invisible (worn)
 Q - the +4 chain mail of the Endless Expanse (worn) {Regen+ SInv}
   (You found it on level 2 of the Shoals)

   It lets you see invisible.
   It increases your rate of regeneration.
 R - the +3 ring mail "Lippeluv" {+Fly rC- Stlth+}
   (You found it on level 13 of the Dungeon)

   It makes you vulnerable to cold.
   It lets you fly.
   It makes you more stealthy.
 T - a +2 cloak of poison resistance (worn)
Jewellery
 c - the ring "Aqoixaj" {rF+ rC- MP+9 Int+2 SInv}
   (You found it in a treasure trove)

   [ring of magical power]

   It affects your intelligence (+2).
   It protects you from fire.
   It makes you vulnerable to cold.
   It affects your magic capacity (+9).
   It lets you see invisible.
 h - an uncursed amulet of reflection
 i - an uncursed ring of see invisible
 p - a +6 ring of intelligence
 K - the ring "Xootiyta" (right hand) {MR+ Slay+5 SInv}
   (You found it in a treasure trove)

   [ring of see invisible]

   It affects your accuracy and damage with ranged weapons and melee attacks
   (+5).
   It affects your resistance to hostile enchantments.
   It lets you see invisible.
 N - the ring "Ejieck" {rElec rN+ EV+4}
   (You found it in a treasure trove)

   [ring of evasion]

   It affects your evasion (+4).
   It insulates you from electricity.
   It protects you from negative energy.
 P - an amulet of regeneration (around neck)
 V - an uncursed ring of ice
 Y - the ring "Hatu" (left hand) {rPois rF+ rC+ Dex+2 Slay-2}
   (You found it in a treasure trove)

   [ring of protection from cold]

   It affects your dexterity (+2).
   It affects your accuracy and damage with ranged weapons and melee attacks
   (-2).
   It protects you from fire.
   It protects you from cold.
   It protects you from poison.
Wands
 H - a wand of polymorph (8)
 M - a wand of acid (16)
 U - a wand of iceblast (17)
Scrolls
 b - 4 scrolls of fog
 k - 10 scrolls of amnesia
 l - 17 scrolls of remove curse
 o - 8 scrolls of teleportation
 q - 3 scrolls of immolation
 r - 11 scrolls of enchant weapon
 u - 3 scrolls of holy word
 x - 5 scrolls of identify
 S - 2 scrolls of blinking
 W - 4 scrolls of enchant armour
 X - 6 scrolls of magic mapping
Potions
 f - 5 potions of berserk rage
 s - 9 potions of curing
 v - 3 potions of cancellation
 w - 9 potions of haste
 z - 4 potions of flight
 A - 7 potions of brilliance
 B - a potion of resistance
 F - 2 potions of heal wounds
 G - 2 potions of stabbing
 I - 4 potions of magic
 J - 2 potions of invisibility
 L - 3 potions of might
 O - 3 potions of lignification


   Skills:
 * Level 20.8(25.8) Fighting
 - Level 18.0(23.0) Polearms
 - Level 2.0(7.0) Throwing
 - Level 8.0(13.0) Armour
 + Level 15.3(20.3) Dodging
 - Level 9.0 Invocations


You had 15 spell levels left.
You didn't know any spells.
Your spell library contained the following spells:

 Spells                   Type           Power        Failure   Level
 Animate Skeleton         Necr           #.....       95%         1
 Beastly Appendage        Tmut           #.....       95%         1
 Corona                   Hex            #......      95%         1
 Foxfire                  Conj/Fire      #...         95%         1
 Pain                     Necr           #...         95%         1
 Shock                    Conj/Air       #...         95%         1
 Summon Small Mammal      Summ           #...         95%         1
 Call Imp                 Summ           #.......     98%         2
 Poisonous Vapours        Pois/Air       #.....       98%         2
 Slow                     Hex            #.......     98%         2
 Sublimation of Blood     Necr           #.........   98%         2
 Swiftness                Air            #.......     98%         2
 Wereblood                Tmut           #.......     98%         2
 Call Canine Familiar     Summ           #.......     100%        3
 Confusing Touch          Hex            #.......     100%        3
 Conjure Flame            Conj/Fire      #.......     100%        3
 Gell's Gravitas          Tloc           #.........   100%        3
 Ignite Poison            Fire/Tmut/Pois #.......     100%        3
 Inner Flame              Hex/Fire       #.......     100%        3
 Mephitic Cloud           Conj/Pois/Air  #.......     100%        3
 Portal Projectile        Hex/Tloc       #.....       100%        3
 Spider Form              Tmut/Pois      #.........   100%        3
 Static Discharge         Conj/Air       #.......     100%        3
 Summon Guardian Golem    Hex/Summ       #.......     100%        3
 Vampiric Draining        Necr           #.........   100%        3
 Airstrike                Air            #.........   100%        4
 Animate Dead             Necr           #.........   100%        4
 Cause Fear               Hex            #.........   100%        4
 Ice Form                 Ice/Tmut       #.......     100%        4
 Leda's Liquefaction      Hex/Erth       #.........   100%        4
 Petrify                  Tmut/Erth      #.......     100%        4
 Sticky Flame             Conj/Fire      #.......     100%        4
 Summon Ice Beast         Ice/Summ       #.......     100%        4
 Summon Lightning Spire   Summ/Air       #.......     100%        4
 Agony                    Necr           #.......     100%        5
 Alistair's Intoxication  Tmut/Pois      #........    100%        5
 Blade Hands              Tmut           #.........   100%        5
 Bolt of Magma            Conj/Fire/Erth #.........   100%        5
 Fireball                 Conj/Fire      #.........   100%        5
 Irradiate                Conj/Tmut      #.........   100%        5
 Iskenderun's Battlesphe  Conj           #.......     100%        5
 Lightning Bolt           Conj/Air       #.........   100%        5
 Metabolic Englaciation   Hex/Ice        #.........   100%        5
 Yara's Violent Unravell  Hex/Tmut       #.........   100%        5
 Eringya's Noxious Bog    Tmut/Pois      #.........   100%        6
 Freezing Cloud           Conj/Ice/Air   #.........   100%        6
 Iron Shot                Conj/Erth      #.........   100%        6
 Orb of Destruction       Conj           #.........   100%        7
 Spellforged Servitor     Conj/Summ      #.........   100%        7
 Discord                  Hex            #.........   100%        8


Dungeon Overview and Level Annotations

Branches:
Dungeon (15/15)            Temple (0/1) D:6            Lair (6/6) D:8
 Shoals (2/4) Lair:4        Snake (0/4) Lair:2        Slime (0/5) Lair:6
    Orc (2/2) D:12            Elf (0/3) Orc:2        Vaults (0/5) D:14
 Depths (0/5) D:15          IceCv (visited)

Altars:
Dithmenos
Elyvilon
Fedhas
Gozag
Makhleb
Okawaru
Qazlal
Ru
Sif Muna
Uskayaw
Vehumet
Zin
Beogh

Shops:
D:4 (   D:5 *   D:11 ?   D:15 *   Orc:2 :([

Annotations:
D:15 2 transporters, Nebesus's ghost, journeyman BaFi


Message History

The merfolk javelineer throws a silver javelin.
The silver javelin pierces through you!!
The merfolk impaler hits you but does no damage.
You are electrocuted!
* * * LOW HITPOINT WARNING * * *
You slice the merfolk impaler!! You freeze the merfolk impaler.
The merfolk impaler is heavily wounded.
The merfolk impaler hits you with a +2 demon trident of electrocution.
* * * LOW HITPOINT WARNING * * *
The merfolk javelineer throws a silver javelin.
The silver javelin pierces through you but does no damage.
* * * LOW HITPOINT WARNING * * *
The merfolk javelineer throws a silver javelin.
The silver javelin pierces through you!
* * * LOW HITPOINT WARNING * * *
x2 You hear a splash.
The merfolk javelineer throws a silver javelin.
The silver javelin pierces through you!!
* * * LOW HITPOINT WARNING * * *
You die...

...≈≈(≈≈≈≈≈≈≈≈≈≈≈≈≈≈≈≈≈≈≈≈
≈≈≈≈≈≈≈≈.≈≈≈≈≈≈≈≈≈≈≈≈≈≈≈≈≈
≈≈.((≈≈...≈≈≈≈≈≈≈≈≈≈≈≈≈≈≈≈
≈≈........≈≈≈≈≈≈≈≈≈≈≈≈.≈≈≈
≈≈........≈≈≈≈≈≈≈(≈≈≈≈≈≈≈≈
≈≈≈≈.....≈≈≈≈≈≈≈...m≈≈≈.≈≈
....≈≈≈≈≈≈≈≈...(..!.....≈≈
..≈≈≈≈≈≈≈≈≈≈.≈≈≈..#.....≈≈
..≈≈≈≈≈≈≈≈≈≈≈≈≈.@#(....≈..
>÷≈≈≈≈≈≈≈≈......#.........
()≈≈≈≈≈≈≈............[...≈
)..((≈≈≈..≈..###....##m.≈≈
†####.≈.....## #...## .≈≈.
.## #...#....###..... ≈≈≈
..# #######........... ≈
≈.## ###.....≈≈.. (..#
#..≈≈.....


You could see a merfolk impaler and a merfolk javelineer.

Vanquished Creatures
  Jorgrun (D:13)
  Polyphemus (Shoals:2)
  Gastronok (Orc:1)
  An orc warlord (Orc:1)
  Nessos (D:14)
  A dire elephant (Lair:6)
  An ettin (Orc:2)
  A merfolk javelineer (Shoals:1)
  Josephine (D:15)
  3 merfolk impalers
  A rakshasa (D:15)
  Fannar (Lair:1)
  4 hydras
  A merfolk avatar (Shoals:1)
  An anaconda (Lair:6)
  A catoblepas (Shoals:2)
  Erica (D:11)
  An anaconda (shapeshifter) (D:15)
  A merfolk aquamancer (Shoals:1)
  2 death knights (D:14)
  A centaur warrior (D:14)
  3 two-headed ogres
  11 death yaks
  An orc high priest (Orc:2)
  A satyr (Shoals:2)
  Urug (Orc:2)
  A deep elf knight (D:14)
  An unseen horror (D:13)
  A glowing orange brain (D:15)
  4 sea snakes
  5 wizards
  3 orc knights (Orc:2)
  A wolf spider zombie (D:13)
  6 cyclopes
  2 necromancers
  5 orc sorcerers
  6 manticores
  A shining eye (shapeshifter) (D:13)
  11 ugly things
  A deep elf mage (D:13)
  10 fauns
  9 elephants
  2 black mambas
  2 merfolk sirens
  2 ice statues (IceCv)
  A water nymph (Shoals:1)
  Psyche (D:8)
  A torpor snail (Lair:3)
  9 cane toads
  2 gargoyles
  4 rime drakes
  4 kobold demonologists
  A freezing wraith (D:15)
  8 komodo dragons
  6 meliai
  12 polar bears
  19 merfolk
  3 wind drakes
  Grinder (D:6)
  3 hornets
  6 trolls
  7 dream sheep
  21 blink frogs
  9 hippogriffs
  2 raiju (Lair:6)
  8 slime creatures
  A snapping turtle (Shoals:1)
  5 water elementals (Shoals:1)
  A spriggan (Lair:6)
  7 wraiths
  3 wyverns
  4 basilisks
  58 yaks
  A spriggan (shapeshifter) (D:15)
  A basilisk (shapeshifter) (D:14)
  18 humans (D:14)
  Grum (D:7)
  11 wargs
  An acid dragon (D:15)
  3 nagas (Lair:2)
  A soldier ant (D:13)
  9 water moccasins
  13 hell hounds (Lair:6)
  11 porcupines
  23 orc warriors
  10 ice beasts
  8 ogres
  14 black bears
  4 phantoms
  3 sky beasts
  2 necrophages
  An eye of draining (D:13)
  24 wolves
  14 centaurs
  4 boggarts (Lair:4)
  10 crocodiles
  7 big kobolds
  19 bullfrogs
  2 wyvern zombies
  3 wyvern skeletons
  9 scorpions
  8 wights
  4 howler monkeys
  4 hounds
  2 bullfrog zombies
  2 quasits
  4 centaur zombies
  13 orc priests
  5 jellies
  3 bullfrog skeletons
  2 centaur skeletons
  Terence (D:2)
  22 orc wizards
  4 iguanas
  4 polar bear simulacra (D:12)
  9 hell rats (Lair:1)
  12 worker ants
  A yak simulacrum (D:12)
  3 wolf simulacra (D:12)
  2 hound skeletons
  Robin (D:3)
  A worker ant zombie (D:10)
  16 adders
  15 gnolls
  11 river rats (Lair:1)
  2 shadow imps
  3 white imps
  2 ufetubi (D:5)
  6 oozes
  3 adder skeletons
  2 dart slugs (D:1)
  6 leopard geckos
  58 orcs
  A ball python (D:4)
  7 bats
  8 giant cockroaches
  5 hobgoblins
  8 jackals (D:5)
  34 kobolds
  9 quokkas
  2 frilled lizards
  16 goblins
  15 rats
  3 river rat simulacra (D:12)
  4 bushes (D:4)
894 creatures vanquished.

Vanquished Creatures (others)
  Sonja (D:11)
  32 fungi
  64 plants
97 creatures vanquished.

Grand Total: 991 creatures vanquished

Notes
Turn   | Place    | Note
-------+----------+-------------------------------------------
     0 | D:1      | Ozzies the Merfolk Gladiator began the quest for the Orb.
     0 | D:1      | Reached XP level 1. HP: 16/16 MP: 1/1
    70 | D:1      | Reached XP level 2. HP: 23/23 MP: 2/2
   227 | D:1      | Reached skill level 3 in Fighting
   644 | D:2      | Reached XP level 3. HP: 25/30 MP: 3/3
   734 | D:2      | Reached skill level 4 in Fighting
   760 | D:2      | Reached XP level 4. HP: 16/38 MP: 4/4
  1019 | D:2      | Noticed Terence
  1031 | D:2      | Killed Terence
  1031 | D:2      | Reached skill level 5 in Fighting
  1450 | D:3      | Reached XP level 5. HP: 24/44 MP: 5/5
  1844 | D:3      | Reached skill level 6 in Fighting
  2276 | D:3      | Reached XP level 6. HP: 31/53 MP: 6/6
  2466 | D:3      | Noticed Robin
  2501 | D:3      | Killed Robin
  2501 | D:3      | Reached skill level 7 in Fighting
  3164 | D:4      | Reached skill level 5 in Polearms
  3456 | D:4      | Found Bekotoigh's Antique Weapon Boutique.
  3690 | D:4      | Reached skill level 1 in Armour
  3690 | D:4      | Reached XP level 7. HP: 60/60 MP: 7/7
  3785 | D:4      | You fall into a shaft and drop 3 floors!
  3847 | D:6      | Noticed Grinder
  3847 | D:6      | Paralysed by Grinder for 2 turns
  3858 | D:6      | Paralysed by Grinder for 2 turns
  3868 | D:6      | Paralysed by Grinder for 5 turns
  3876 | D:6      | Killed Grinder
  3876 | D:6      | Reached skill level 5 in Dodging
  3884 | D:5      | Entered Level 5 of the Dungeon
  4209 | D:5      | Reached XP level 8. HP: 68/68 MP: 8/8
  4636 | D:4      | Bought a runed glaive for 171 gold pieces
  4835 | D:5      | Reached skill level 8 in Fighting
  4927 | D:5      | Found an iron altar of Okawaru.
  4938 | D:5      | Became a worshipper of Warmaster Okawaru
  5108 | D:5      | Found Uholaps's Mass Market.
  5664 | D:6      | Found an opulent altar of Gozag.
  5745 | D:6      | Found a staircase to the Ecumenical Temple.
  5884 | D:6      | Found a hide-covered altar of Uskayaw.
  6002 | D:6      | Found a blossoming altar of Fedhas.
  6814 | D:7      | Reached XP level 9. HP: 75/75 MP: 9/9
  6854 | D:7      | Reached * piety under Okawaru
  6984 | D:7      | Reached skill level 9 in Fighting
  7223 | D:7      | Found a white marble altar of Elyvilon.
  7675 | D:8      | Noticed Grum
  7963 | D:7      | Killed Grum
  8098 | D:8      | Reached ** piety under Okawaru
  8104 | D:8      | Reached skill level 10 in Fighting
  8112 | D:8      | Reached skill level 5 in Armour
  8326 | D:8      | Reached skill level 1 in Invocations
  8385 | D:8      | Noticed Psyche
  8527 | D:8      | Killed Psyche
  8527 | D:8      | Reached XP level 10. HP: 86/86 MP: 9/12
  8530 | D:8      | Reached *** piety under Okawaru
  8584 | D:8      | Noticed a cyclops
  8595 | D:8      | Killed a cyclops
  8686 | D:8      | Found a sacrificial altar of Ru.
  9159 | D:8      | Found a staircase to the Lair.
  9386 | D:8      | Found a shimmering blue altar of Sif Muna.
  9589 | D:9      | Found a shadowy altar of Dithmenos.
  9617 | D:9      | Reached skill level 11 in Fighting
  9764 | D:9      | Noticed a two-headed ogre
  9769 | D:9      | Killed a two-headed ogre
  9769 | D:9      | Reached **** piety under Okawaru
 10139 | D:9      | Found a radiant altar of Vehumet.
 10175 | D:9      | Found a blossoming altar of Fedhas.
 10177 | D:9      | Found a glowing silver altar of Zin.
 10301 | D:10     | Entered Level 10 of the Dungeon
 10481 | D:10     | Reached skill level 10 in Polearms
 10481 | D:10     | Reached XP level 11. HP: 95/95 MP: 14/14
 10553 | D:10     | Noticed a two-headed ogre
 10568 | D:10     | Killed a two-headed ogre
 10568 | D:10     | Reached ***** piety under Okawaru
 10568 | D:10     | Reached skill level 12 in Fighting
 10683 | D:10     | Found a portal to a secret trove of treasure.
 11002 | D:10     | Received a gift from Okawaru
 11697 | D:11     | Found Zarosy's Magic Scroll Shop.
 11949 | D:11     | Noticed Erica
 12089 | Lair:1   | Entered Level 1 of the Lair of Beasts
 12165 | Lair:1   | Found a frozen archway.
 12202 | IceCv    | Entered an ice cave
 12202 | IceCv    | Noticed a white ugly thing
 12213 | IceCv    | Killed a white ugly thing
 12220 | IceCv    | Reached skill level 5 in Invocations
 12278 | IceCv    | Found a transporter.
 12298 | IceCv    | Noticed a white ugly thing
 12302 | IceCv    | Found a transporter.
 12321 | IceCv    | Received a gift from Okawaru
 12322 | IceCv    | Killed a cyan ugly thing
 12502 | Lair:1   | Reached skill level 10 in Dodging
 12517 | Lair:1   | Reached XP level 12. HP: 35/103 MP: 17/17
 12654 | Lair:1   | Noticed Fannar
 12686 | Lair:1   | Killed Fannar
 13502 | Lair:2   | Reached skill level 13 in Fighting
 13827 | Lair:2   | Found a staircase to the Snake Pit.
 13868 | Lair:2   | Identified the Almanac of the Unemployed Unperson
 14501 | Lair:3   | Noticed a five-headed hydra
 14524 | Lair:3   | Killed a 17-headed hydra
 14524 | Lair:3   | Received a gift from Okawaru
 14529 | Lair:3   | Got a fine lajatang {god gift}
 14529 | Lair:3   | Identified the +8 lajatang of the Exiled Teeth {flame,
                  | Int+4} (Okawaru gifted it to you on level 3 of the Lair of
                  | Beasts)
 14827 | Lair:3   | Noticed a death yak
 14827 | Lair:3   | Noticed a death yak
 14828 | Lair:3   | Noticed a death yak
 14942 | Lair:2   | Killed a death yak
 14966 | Lair:2   | Killed a death yak
 15077 | Lair:3   | Killed a death yak
 15151 | Lair:3   | Found a burning altar of Makhleb.
 15433 | Lair:3   | Noticed a death yak
 15452 | Lair:3   | Reached XP level 13. HP: 110/111 MP: 17/19
 15676 | Lair:4   | Received a gift from Okawaru
 15846 | Lair:4   | Reached skill level 14 in Fighting
 15887 | Lair:4   | Received a gift from Okawaru
 16146 | Lair:4   | Found a staircase to the Shoals.
 17585 | Lair:6   | Entered Level 6 of the Lair of Beasts
 17627 | Lair:5   | Reached ****** piety under Okawaru
 17627 | Lair:5   | Reached skill level 15 in Polearms
 17954 | Lair:6   | Reached skill level 15 in Fighting
 18258 | Lair:6   | Received a gift from Okawaru
 18258 | Lair:6   | Reached XP level 14. HP: 65/123 MP: 20/20
 18429 | Lair:6   | Received a gift from Okawaru
 18795 | Lair:6   | Noticed a dire elephant
 18811 | Lair:6   | Killed a dire elephant
 18947 | Lair:6   | Reached skill level 16 in Fighting
 19285 | Lair:6   | Found a staircase to the Slime Pits.
 19679 | Lair:6   | Received a gift from Okawaru
 20142 | D:11     | Noticed Sonja
 20167 | D:11     | Killed Sonja
 20485 | D:11     | Killed Erica
 20713 | D:12     | Found a staircase to the Orcish Mines.
 20965 | D:12     | Reached skill level 17 in Fighting
 21332 | Orc:1    | Entered Level 1 of the Orcish Mines
 21369 | Orc:1    | Noticed Gastronok
 21386 | Orc:1    | Killed Gastronok
 21609 | Orc:2    | Entered Level 2 of the Orcish Mines
 21645 | Orc:2    | Reached XP level 15. HP: 125/134 MP: 21/21
 21794 | Orc:2    | Noticed an orc warlord
 21846 | Orc:1    | Killed an orc warlord
 22174 | Orc:2    | Noticed Urug
 22206 | Orc:2    | Killed Urug
 22206 | Orc:2    | Received a gift from Okawaru
 22206 | Orc:2    | Reached skill level 18 in Fighting
 22391 | Orc:2    | Got a warped glaive {god gift}
 22391 | Orc:2    | Identified the +1 glaive "Sodes" {flame, *Drain rPois rC+}
                  | (Okawaru gifted it to you on level 2 of the Orcish Mines)
 22403 | Orc:2    | Found a roughly hewn altar of Beogh.
 22406 | Orc:2    | Found Juibyoph's General Store.
 22903 | Orc:2    | Found Foenuam's Antique Weapon Shoppe.
 22919 | Orc:2    | Found Eschunim's Book Shoppe.
 22922 | Orc:2    | Found Adghir Wibihe's Antique Armour Shoppe.
 23261 | Orc:2    | Found a staircase to the Elven Halls.
 24061 | D:13     | Noticed Jorgrun
 24087 | D:13     | Killed Jorgrun
 24131 | D:13     | Got a glittering ivory ring
 24349 | D:13     | Identified the ring of Batuodus {*Slow rElec rCorr Int+2}
                  | (You found it on level 13 of the Dungeon)
 24685 | D:13     | Found a stormy altar of Qazlal.
 24725 | D:13     | Got a bronze ring mail
 24735 | D:13     | Identified the +3 ring mail "Lippeluv" {+Fly rC- Stlth+}
                  | (You found it on level 13 of the Dungeon)
 24844 | D:11     | Bought a scroll of brand weapon for 280 gold pieces
 25030 | D:4      | Bought the +6 Majin-Bo {vamp, MP+6 Int+6} for 1335 gold
                  | pieces
 25030 | D:4      | Found the +6 Majin-Bo {vamp, MP+6 Int+6}
 25195 | D:10     | You paid a toll of the Majin-Bo to enter a treasure trove
 25196 | Trove    | Entered a treasure trove
 25204 | Trove    | Got a glittering iron ring
 25212 | Trove    | Identified the ring "Hatu" {rPois rF+ rC+ Dex+2 Slay-2}
                  | (You found it in a treasure trove)
 25225 | Trove    | Got a heavily runed lead ring
 25227 | Trove    | Got a slimy marble ring
 25229 | Trove    | Got a translucent silver ring
 25244 | Trove    | Identified the ring of Coc Haaff {*Corrode +Fly rC+ MR+
                  | Int+3} (You found it in a treasure trove)
 25246 | Trove    | Identified the ring "Xootiyta" {MR+ Slay+5 SInv} (You found
                  | it in a treasure trove)
 25248 | Trove    | Identified the ring "Ejieck" {rElec rN+ EV+4} (You found it
                  | in a treasure trove)
 25282 | Trove    | Got a transparent marble ring
 25295 | Trove    | Identified the ring "Buusoob" {Str+6 Int+2 SInv} (You found
                  | it in a treasure trove)
 25365 | Trove    | Got a faintly glowing tin ring
 25379 | Trove    | Identified the ring "Aqoixaj" {rF+ rC- MP+9 Int+2 SInv}
                  | (You found it in a treasure trove)
 25992 | D:14     | Received a gift from Okawaru
 26121 | D:14     | Found a gate to the Vaults.
 26127 | D:14     | Reached skill level 19 in Fighting
 26269 | D:14     | Noticed Nessos
 26272 | D:14     | Killed Nessos
 26466 | D:14     | Found a stormy altar of Qazlal.
 26481 | D:14     | Reached XP level 16. HP: 128/146 MP: 22/22
 26957 | D:14     | Received a gift from Okawaru
 27041 | D:15     | Entered Level 15 of the Dungeon
 27297 | D:15     | Found a transporter.
 27354 | D:15     | Found a transporter.
 27357 | D:15     | Noticed Nebesus's ghost (journeyman BaFi)
 27357 | D:15     | Noticed a shadow dragon
 27462 | D:15     | Found Rydengaynn's General Store.
 27465 | D:15     | Noticed Josephine
 27474 | D:15     | Killed Josephine
 27550 | D:15     | Bought a scroll of blinking for 97 gold pieces
 27674 | D:15     | Found a staircase to the Depths.
 28385 | Shoals:1 | Entered Level 1 of the Shoals
 28798 | Shoals:1 | Received a gift from Okawaru
 29174 | Shoals:1 | Reached skill level 20 in Fighting
 30528 | Shoals:2 | Received a gift from Okawaru
 30576 | Shoals:2 | Reached skill level 15 in Dodging
 30598 | Shoals:2 | Noticed Polyphemus
 30899 | Shoals:2 | Killed Polyphemus
 31216 | Shoals:2 | Got an amber-encrusted chain mail
 31226 | Shoals:2 | Identified the +4 chain mail of the Endless Expanse {Regen+
                  | SInv} (You found it on level 2 of the Shoals)
 31346 | Shoals:2 | HP: 6/150 [merfolk javelineer/silver javelin (18)]
 31346 | Shoals:2 | Hit by a silver javelin thrown by a merfolk javelineer

Illustrated notes

Levels and vault maps discovered:
D:1:      dpeg_arrival_round_b, layout_loops_ring
D:2:      layout_rooms, uniq_terence
D:3:      layout_basic, minmay_misc_feat_iff, uniq_robin
D:4:      layout_loops_cross, serial_forest, infiniplex_forest_straight_2,
          infiniplex_forest_straight_3, infiniplex_forest_lined_room_,
          infiniplex_forest_clump_C, infiniplex_forest_end_double,
          infiniplex_forest_clump_long, serial_shops, shop, minmay_starry_boxes
D:5:      layout_loops_ring, kennysheep_okawaru_gauntlet, minmay_shop_mass,
          minivault_27, grunt_ministairs_10
D:6:      layout_basic, eat_drink_and_be_merry_uskayaw, lemuel_crystal_altar,
          lightli_temple_of_fire, minmay_temple_entry_arrows, fedhas_altar_3,
          uniq_grinder
D:7:      layout_loops_corners, elyvilon_altar_3
D:8:      layout_cave_pools, kennysheep_mini_moat, kennysheep_little_box,
          grunt_lair_entry_orc_guard_hut, minmay_unpleasant_kobolds, uniq_grum,
          uniq_psyche
D:9:      layout_roguey, minitemple, grunt_dithmenos_smoke_and_mirrors
D:10:     layout_stronghold, nicolae_trove_entry_crystal
D:11:     layout_small_grid, serial_shops, nicolae_shop_crystal,
          skrybe_limestone_x, uniq_erica, uniq_sonja
D:12:     layout_loops_ring, eino_house_with_fridge
D:13:     layout_rooms, nicolae_qazlal_style_of_elements, uniq_jorgrun
D:14:     layout_grid_maze, grunt_vaults_entry_tiered,
          hangedman_abyss_or_decor_stagger, basic_altar,
          chequers_serial_rivers_micro_b, uniq_nessos
D:15:     gammafunk_enter_depths_forms, layout_irregular_city, serial_shops,
          shop, minivault_23, gammafunk_ghost_berserking_beasts,
          minmay_misc_feat_more_columns, uniq_josephine
Lair:1:   lemuel_ratsnest, layout_gridlike, portal_ice_cave_entry_pillars_2,
          serial_bayou_crossing, infiniplex_staircase_pool_2,
          grunt_megastairs_3, uniq_fannar
Lair:2:   layout_misc_corridors, minmay_snake_entry_guardpost_small
Lair:3:   layout_cave_pods, basic_altar, serial_rivers,
          chequers_serial_rivers_micro_e, chequers_serial_rivers_large_b,
          chequers_serial_rivers_small_b, chequers_serial_rivers_marsh
Lair:4:   layout_loops_ring, elwin_shoals_entry_rooms, kilobyte_rumbling_trees,
          grunt_megastairs_2
Lair:5:   layout_long_grid
Lair:6:   hangedman_lair_caniforms_friends, layout_cave_pods,
          nicolae_slime_entry_slimehenge, grunt_forest_large_clearing_hut
Shoals:1: layout_shoals, serial_shops, bzr_entry_road
Shoals:2: layout_shoals, nicolae_shoals_so_close, uniq_polyphemus
Orc:1:    layout_caves, uniq_gastronok
Orc:2:    grunt_orc_cross, layout_diamond_mine

Skill      XL: |  1  2  3  4  5  6  7  8  9 10 11 12 13 14 15 16 |
---------------+-------------------------------------------------+-----
Fighting       | 3 4 5 6 7 8 10 11 12 13 15 17 19 20 | 20.8
Polearms       | 5 6 8 10 11 12 16 18 | 18.0
Armour         | 1 2 3 5 6 7 8 |  8.0
Dodging        | 5 7 8 10 11 12 13 15 | 15.3
Invocations    | 2 4 7 9 |  9.0
Throwing       | |  2.0

Action                   |  1- 3 |  4- 6 |  7- 9 | 10-12 | 13-15 | 16-18 || total
-------------------------+-------+-------+-------+-------+-------+-------++-------
Melee: Trident           |   112 |   108 |       |       |       |       ||   220
       Halberd           |       |   119 |   189 |       |       |       ||   308
       Glaive            |       |       |   271 |   661 |   396 |   521 ||  1849
       Lajatang          |       |       |       |    58 |  1010 |       ||  1068
       Tailslap          |       |       |       |       |       |    15 ||    15
Invok: Heroism           |       |       |     1 |     7 |     9 |     6 ||    23
       Finesse           |       |       |       |     2 |     3 |     3 ||     8
  Use: Scroll            |       |       |     1 |    27 |     6 |     4 ||    38
       Potion            |       |       |       |     2 |     5 |       ||     7
 Stab: Sleeping          |     4 |       |       |       |       |       ||     4
       Invisible         |       |       |       |     4 |       |       ||     4
       Petrified         |       |       |       |       |       |     7 ||     7
Armor: Chain mail        |    59 |   159 |   248 |   468 |   832 |   155 ||  1921
       Leather armour    |     7 |       |       |       |       |       ||     7
Dodge: Dodged            |    45 |   106 |   289 |   537 |  1401 |   356 ||  2734

Table legend: (Time is in decaauts)
 A = Elapsed time spent in this place.
 B = Non-inter-level travel time spent in this place.
 C = Inter-level travel time spent in this place.
 D = Time resting spent in this place.
 E = Time spent auto-exploring this place.
 F = Levels seen in this place.
 G = Mean time per level.
                   A        B        C        D        E       F      G
               +--------+--------+--------+--------+--------+-----+--------+
         Total |  31180 |  28895 |   2285 |   2640 |  19506 |  27 | 1154.8 |
       Dungeon |  17603 |  15940 |   1663 |   1026 |  11751 |  15 | 1173.5 |
          Lair |   8216 |   7770 |    446 |    923 |   4902 |   6 | 1369.3 |
        Shoals |   2252 |   2218 |     34 |    312 |   1325 |   2 | 1126.0 |
  Orcish Mines |   2629 |   2488 |    141 |    379 |   1338 |   2 | 1314.5 |
         Trove |    242 |    242 |      0 |      0 |     24 |   1 |  242.0 |
      Ice Cave |    236 |    236 |      0 |      0 |    165 |   1 |  236.0 |
               +--------+--------+--------+--------+--------+-----+--------+

Top non-repeatable levels by time:
  Lair:6: 2219 daAuts
     D:7: 2099 daAuts
    D:10: 1702 daAuts
   Orc:2: 1690 daAuts
     D:4: 1638 daAuts
Shoals:1: 1600 daAuts
    D:14: 1537 daAuts
  Lair:4: 1502 daAuts
     D:5: 1238 daAuts
     D:3: 1211 daAuts
     D:8: 1211 daAuts
  Lair:1: 1187 daAuts
  Lair:5: 1178 daAuts
  Lair:3: 1083 daAuts
  Lair:2: 1044 daAuts
